Cogmind - Beta 15 @@@ ROGUE MODE // 2025.10.16 @ 22:18:46 Player: Bean Result: Destroyed by UK-ZAC(R) with Subdweller Laser Performance ------------- Evolutions (0) 0 Regions Visited (1) 200 Robots Destroyed (33) 165 Value Destroyed (724) 724 Prototype IDs (2) 40 Alien Tech Used (0) 0 Bonus (0) 0 TOTAL SCORE: 1129 Bonus ------- None Cogmind --------- Core Integrity 0/250 Matter 295/300 Energy 70/100 System Corruption 0% Temperature Hot (272) Movement Walking (190) Ox1 Location -10/Materials Parts ------- > --- POWER (1) -------- (None) > --- PROPULSION (2) --- Aluminum Leg Aluminum Leg > --- UTILITY (2) ------ Large Storage Unit > --- WEAPON (2) ------- Particle Gun > --- INVENTORY (15) --- Light Ion Engine Hover Unit Hover Unit Hover Unit Small Storage Unit Medium Storage Unit Hacking Suite Datajack Hammer Peak State ------------ > --- POWER ------------ Ion Engine > --- PROPULSION ------- Aluminum Leg Aluminum Leg > --- UTILITY ---------- Heat Sink Small Storage Unit > --- WEAPON ----------- Medium Laser Particle Gun > --- INVENTORY -------- Hover Unit Heat Sink Utility Shielding Hacking Suite EM Pulse Gun Medium Laser Light Assault Rifle Hammer [Rating: 9] Favorites ----------- Power Ion Engine Engine Ion Engine Propulsion Aluminum Leg Treads Light Treads Leg Aluminum Leg Utility Small Storage Unit Device Heat Sink Storage Small Storage Unit Protection Utility Shielding Weapon Medium Laser Energy Gun Medium Laser Ballistic Gun Light Assault Rifle Launcher Grenade Launcher Build | -11 -10 ------- Run | Yrd Mat Slots Evolved . | . . Power . | . . Propulsion . | . . Utility . | . . Weapon . | . . Parts Attached 18 | 6 12 Power 3 | 1 2 Engine 3 | 1 2 Core . | . . Reactor . | . . Propulsion 5 | 2 3 Treads 2 | 2 . Leg 3 | . 3 Wheel . | . . Hover . | . . Flight . | . . Utility 5 | 1 4 Device 2 | . 2 Storage 2 | 1 1 Processor . | . . Hackware . | . . Protection 1 | . 1 Artifact . | . . Weapon 5 | 2 3 Energy Gun 3 | 1 2 Energy Cannon . | . . Ballistic Gun 1 | 1 . Ballistic Cannon . | . . Launcher 1 | . 1 Special Weapon . | . . Impact Weapon . | . . Slashing Weapon . | . . Piercing Weapon . | . . Special Melee Weapon . | . . Unidentified Prototypes . | . . Parts Lost 8 | . 8 Power 2 | . 2 Propulsion 2 | . 2 Utility 1 | . 1 Weapon 3 | . 3 Highest Loss Streak 3 | . 3 To Critical Strikes . | . . Average Backups 6 | 1 6 Power . | . . Propulsion 1 | . 1 Utility 1 | . 1 Weapon 2 | . 2 Tool/Special . | . . Unused Backups 9 | . 9 Power 1 | . 1 Propulsion 3 | . 3 Utility 2 | . 2 Weapon 2 | . 2 Tool/Special 1 | . 1 Average Slot Usage (%) 92 | . 92 Engine 12 | . 12 Treads 10 | . 10 Leg 14 | . 14 Device 11 | . 11 Storage 14 | . 14 Energy Gun 26 | . 26 Peak Build Rating 9 | 6 9 Average Rating 7 | 3 7 On Entrance 3 | . 6 Naked Turns . | . . Heaviest Build 31 | 13 31 Greatest Support 40 | 40 40 Greatest Overweight (x) 5 | . 5 Average Overweight (x) . | . . Largest Inventory Capacity 15 | 8 15 Average Capacity 9 | 7 9 Most Carried 10 | 4 10 Average Carried 6 | 1 6 Final Capacity 15 | 8 15 Final Carried 9 | 2 9 Class Distribution -------------------- 56% | Mutant 43% | Scavenger-Mutant Dominant Class ---------------- Mutant | -10/Materials Resources | -11 -10 ----------- Run | Yrd Mat Matter Collected 530 | 195 335 Remotely . | . . Salvage Created 934 | . 934 Parts 50 | . 50 Haulers Intercepted . | . . Recyclers Shooed 2 | . 2 Parts Field Recycled . | . . Retrieved Matter . | . . Parts Self-Destructed . | . . Prevented . | . . Kills | -11 -10 ------- Run | Yrd Mat Combat Hostiles Destroyed 20 | . 20 Guns 12 | . 12 AOE 6 | . 6 Classes Destroyed 9 | . 9 Worker 1 | . 1 Builder 1 | . 1 Tunneler 1 | . 1 Recycler 4 | . 4 Operator 4 | . 4 Watcher 2 | . 2 Swarmer 6 | . 6 Grunt 12 | . 12 Subdweller 2 | . 2 Best Kill Streak 17 | . 17 Combat Bots Only 5 | . 5 Max Kills in Single Turn 2 | . 2 Gunslinging . | . . Exploded 1 | . 1 Melee . | . . Uniques/NPCs Destroyed . | . . Combat | -11 -10 -------- Run | Yrd Mat Hostile Shots Fired 102 | . 102 Missed 34 | . 34 Hits 68 | . 68 Projectile 68 | . 68 Critical Strikes 2 | . 2 Damage Taken 1106 | . 1106 Core 250 | . 250 Absorbed by Shields . | . . Core Remaining (%) 100 | 100 . Volleys Fired 87 | . 87 Largest 2 | . 2 Hottest 115 | . 115 Shots Fired 163 | . 163 Gun 151 | . 151 Cannon . | . . Launcher 12 | . 12 Special . | . . Kinetic . | . . Thermal 151 | . 151 Explosive 12 | . 12 Electromagnetic . | . . Robot Hit Streak 16 | . 16 Robot Miss Streak 3 | . 3 Penetration Max . | . . Secondary Targets . | . . Shots Hit Robots 103 | . 103 Core Hits 54 | . 54 Critical Kills . | . . Critical Parts Destroyed . | . . Critical Strikes 10 | . 10 Burn 10 | . 10 Melee Attacks . | . . Impact . | . . Slashing . | . . Piercing . | . . Sneak Attacks . | . . Combat Hostiles . | . . Follow-up Attacks . | . . Damage Inflicted 2230 | . 2230 Guns 1355 | . 1355 Cannons . | . . Explosions 875 | . 875 Melee . | . . Ramming . | . . Kinetic . | . . Thermal 1393 | . 1393 Explosive 837 | . 837 Electromagnetic . | . . Impact . | . . Slashing . | . . Piercing . | . . Highest Corruption . | . . Average Corruption . | . . Corruption Purged . | . . Corruption Blocked . | . . Overload Shots . | . . Overflow Damage 44 | . 44 Projectiles . | . . Explosions 44 | . 44 Melee . | . . Knockbacks . | . . Impact . | . . Kinetic . | . . Secondary . | . . Self-Inflicted Damage 154 | . 154 Shots 4 | . 4 Rammed . | . . Targets Rammed . | . . Kicked . | . . Crushed . | . . Highest Temperature 266 | . 266 Average Temperature 68 | . 68 Received Heat Transfer 348 | . 348 Siege Activations . | . . Martial Activations . | . . Shielding Activations . | . . Robots Disrupted . | . . Combat Hostiles . | . . Robots Corrupted . | . . Combat Hostiles . | . . Parts Fried . | . . Impact Corruptions . | . . Robots Melted 2 | . 2 Combat Hostiles 2 | . 2 Parts Melted 8 | . 8 Heat Transferred 4490 | . 4490 Parts Sabotaged . | . . Parts Stolen . | . . Parts Stripped . | . . Power Chain Reactions . | . . Alert | -11 -10 ------- Run | Yrd Mat Maximum Alert Level 1 | . 1 Low Security (%) 37 | 100 33 Level 1 62 | . 66 Level 2 . | . . Level 3 . | . . Level 4 . | . . Level 5 . | . . High Security . | . . Max Security . | . . Peak Influence 325 | . 325 Initial . | . . Average 183 | . 196 Influence Increases 641 | . 641 Destroy 0b10 Robot/C 360 | . 360 Destroy 0b10 Robot/NC 65 | . 65 Destroy Leader 84 | . 84 Successful Hack 13 | . 13 Disable Machine 45 | . 45 Destroy Structure 74 | . 74 Influence Decreases 466 | . 466 Time Decay 386 | . 386 Lost Part 80 | . 80 Squads Dispatched 5 | . 5 Investigation 1 | . 1 Extermination . | . . Reinforcement 4 | . 4 Assault . | . . Garrison . | . . Intercept . | . . Searches Triggered . | . . Construction Impeded . | . . Haulers Reinforced . | . . Active Scanning Responses . | . . Cargo Convoy Interrupts . | . . Stealth | -11 -10 --------- Run | Yrd Mat Distress Signals 2 | . 2 Communications Jammed . | . . Distress Signals . | . . Times Spotted 32 | . 32 Peak Tracking Total 5 | . 5 Tactical Retreats . | . . Traps | -11 -10 ------- Run | Yrd Mat Traps Triggered 2 | . 2 Indirectly . | . . Trap Hack Attempts . | . . Triggered . | . . Disarmed . | . . Reprogrammed . | . . Reused . | . . Traps Extracted . | . . Installed . | . . Triggered . | . . Machines | -11 -10 ---------- Run | Yrd Mat Machines Disabled 3 | . 3 Max in Single Turn 1 | . 1 Machines Repaired . | . . Machines Dismantled . | . . Machines Sabotaged . | . . Overloaded Fab Kills . | . . Hacking | -11 -10 --------- Run | Yrd Mat Machines Accessed 4 | . 4 Terminals 2 | . 2 Fabricators . | . . Repair Stations . | . . Recycling Units 2 | . 2 Scanalyzers . | . . Garrison Access . | . . Total Hacks 5 | . 5 Successful 5 | . 5 Failed . | . . Catastrophic . | . . Database Lockouts . | . . Manual 4 | . 4 Terminals 3 | . 3 Fabricators . | . . Repair Stations . | . . Recycling Units 2 | . 2 Scanalyzers . | . . Garrison Access . | . . Terminal Hacks 2 | . 2 Prototype ID Bank 1 | . 1 Hauler Manifests 1 | . 1 Fabricator Hacks . | . . Repair Station Hacks . | . . Recycling Unit Hacks . | . . Scanalyzer . | . . Garrison Access Hacks . | . . Unauthorized Hacks 3 | . 3 Terminals 1 | . 1 Operators 1 | . 1 Fabricators . | . . Repair Stations . | . . Recycling Units 2 | . 2 Reject 2 | . 2 Scanalyzers . | . . Garrison Access . | . . Data Cores Recovered . | . . Used . | . . Hacking Detections 1 | . 1 Full Trace Events . | . . Feedback Events . | . . Feedback Blocked . | . . Robot Schematics Acquired . | . . Robots Built . | . . Authchips . | . . Time . | . . Total Robot Build Rating . | . . Part Schematics Acquired . | . . Parts Built . | . . Authchips . | . . Time . | . . Total Part Build Rating . | . . Parts Repaired . | . . Time . | . . Parts Recycled . | . . Recycled Matter . | . . Retrieved Matter . | . . Retrieved Components . | . . Parts Scanalyzed . | . . Part Schematics Acquired . | . . Parts Damaged . | . . Bothacking | -11 -10 ------------ Run | Yrd Mat Used RIF Installer . | . . Robots Hacked . | . . Non-combat . | . . Combat . | . . Robot Hacks Applied . | . . Relay Couplers Released . | . . Fabnet Peak Effective % . | . . Robots Rewired . | . . Allies Hacked . | . . Hacks Repelled . | . . Allies | -11 -10 -------- Run | Yrd Mat Total Allies . | . . Largest Group . | . . Highest-Rated Group . | . . Highest-Rated Ally . | . . Total Orders . | . . Ally Attacks . | . . Total Damage . | . . Kills . | . . Allies Corrupted . | . . Allies Melted . | . . Intel | -11 -10 ------- Run | Yrd Mat Active Infowar (turns) . | . . Robot Analysis Total . | . . Derelict Logs Recovered . | . . Drone Launches . | . . Drone Recoveries . | . . Exploration | -11 -10 ------------- Run | Yrd Mat Turns Passed 1192 | 80 1112 Spaces Moved 583 | 48 535 Core 11 | 9 2 Treads 264 | 39 225 Legs 308 | . 308 Wheels . | . . Hover . | . . Flight . | . . Fastest Speed 50 | 50 120 Average Speed 147 | 139 148 Slowest Speed 300 | 160 300 Overloaded Moves . | . . Propulsion Burnouts . | . . Robots Hopped . | . . Potential Cave-ins . | . . Cave-ins Triggered . | . . Exploration Rate (%) 39 | 4 74 Regions Visited 1 Branch Regions . Pre-discovered Areas . | . . Known Exits Taken . | . . Unknown Exits Taken 1 | 1 . Scrap Searched . | . . Spaces Dug . | . . Terrain Destroyed 101 | . 101 Melee . | . . Projectile . | . . AOE 101 | . 101 Terrain Rammed . | . . Walls Destroyed . | . . Machines Disabled . | . . Actions | -11 -10 --------- Run | Yrd Mat Total 750 | 61 689 Wait 18 | . 18 Move 582 | 47 535 Hop . | . . Pick Up 31 | 8 23 Fast Attach . | . . Attach 15 | 6 9 Detach . | . . Swap 10 | . 10 Drop 7 | . 7 Fire 87 | . 87 Melee . | . . Ram . | . . Kick . | . . Crush . | . . Escape Stasis . | . . Rewire . | . . Trap . | . . Miscellaneous . | . . Route ------- -11/Scrapyard -10/Materials (discovered 3 exits: [*Mat x2] / [*Min]) History --------- Turn | Location | Event 4 | -11/Scrapyard | Discovered new exit (range 16) 81 | -11/Scrapyard | Entered Materials 307 | -10/Materials | Build established: Mutant 419 | -10/Materials | Lost 3 parts (1p1n1w) 486 | -10/Materials | Discovered new exit (range 12) 564 | -10/Materials | Discovered new exit (range 3) 914 | -10/Materials | Build established: Scavenger-Mutant 936 | -10/Materials | Discovered new exit (range 14) 981 | -10/Materials | Derelicts attacked the area 1135 | -10/Materials | Core integrity fell below 50% 1188 | -10/Materials | Core integrity fell below 20% 1193 | -10/Materials | Destroyed by UK-ZAC(R) with Subdweller Laser Last Messages --------------- Signal Interpreter tumbles out of TF Node. 1W-OHR(R) suffers critical hit (Burn). 1W-OHR(R) destroyed. K-01 Serf collects debris. R-06 Scavenger collects Sub. Power Source. K-01 Serf collects debris. R-06 Scavenger collects Com. Wheel. Heat Sink destroyed. R-06 Scavenger collects Datajack. K-01 Serf collects debris. Acquired Lgt. Ion Engine. R0-5P2(R) affixes Scrap Shield Fragment to Scrap Shield. K-01 Serf collects debris. R0-5P2(R) suffers critical hit (Burn). Electrolysis Chamber disabled. Med. Laser destroyed. Sub. Optics melted. R0-5P2(R) destroyed. Terminal disabled. Map ----- +----------------------------------------------------+ | ???????????# | ############# # #####????? | | ???????????# # #!! ####+## #????????? | | ???????????# # < #!! + #???"""??? | | ???????????# # # "" # ### #??"|||"?? | | ???????????####+### + ! T" # ###+##"" ""? | | ???????????# ^# "" # # # + | | ???????????# # # # T # < ? | | ????######?# ######## # #? ? | | ????# ?# ##?????# # [ #? ?? | | ????# # """ #??????# + #? ?? | | ????# """ # """ #??????# # #?# #?? | | ????# """ + """ #??????# ###+##?# #?? | | ????# """ # """ ######## #??# #?? | | ????# # #??# ^ #?# | | ????######## #??# #? | | +########## ! % #??# ^# | | ########=#### ### #### # | | * #??#####+####+#### + | | #??# # # | | ########### #??# """ """ """ + # | | ??????????#######??# """ """ """ # ######## | | ???????????????????# """ """ """ # # # | | ???????????????????# [[* # + ! # | | ???????????????????# ! # # """# | | ??????????????????################ #! """# | | ??????????????????# @ ####+####### """# | | ??????????????????# "" # %[ #?# # | | ??????????????????# "T "" # #?######## | | ??????????????????# """ R%""" # #?# | | ??????????????????# [# !#?# | | ??????????????????#########+#### ###""==["" | | ??????????????########### ## ###"Y|! "" | | ??????????????# !! [ # T" ##=! # #""*=*"" | | ??????????????# !! + " %/ %# #==*/ | | ??????????????# # ## %# ##+####+ | | ??????????????# # #########+# # | | ??????????????############# #### # # # # | | ??????????????# #?# # ### # # # | | ??????????????# """" ### ### # # # ##+# | | ??????????????# """" # ######### ### % # | | ??????????????# """" # [%& =% # | | ??????????????# + ! !%! # | | ??????????????# = # ! %*&* %% # | | ??????????????# # ######### ### #### | | ??????????????# ## ### ####+### ^ | | ??????????????############ ####### # | | ?????????????????????????# !##?# """ # """ | | ?????????????????????????# #?# """ # ^""" | | ?????????????????????????# !#?# """ # """ | | ??????????#########??????# #?# # | +----------------------------------------------------+ Best States ------------- Heat Dissipation 35 Energy Generation 10 Energy Capacity 250 Matter Stores 300 Matter Capacity 300 Sight Range 16 Terrain Scan Density 10 Utility Shielding 33 Evasion (%) 55 Recoil Reduction 2 Item Schematics ----------------- None Robot Schematics ------------------ None Fabricated ------------ Nothing Repaired ---------- Nothing Alien Tech Used ----------------- None Achievements -------------- None Challenges ------------ None Game ------ Seed TransportCompanionMatterbank Manual? 0 Play Time 00:13:23 Cumulative 33.9 hours Start 2025.10.16 @ 22:09:50 End 2025.10.16 @ 22:18:46 Sessions 1 Manual Loads 0 Difficulty Rogue Special Mode None Game No. 84 Rogue 84 Adventurer 0 Explorer 0 Win Type - Total 0 Types 0/0/0/0/0/0/0/0/0/0 Lore% 23 Gallery% 31 Achievement% 29 Wizard Run 0 Options --------- Layout 2 ASCII 0 Keyboard 0 Movement Numpad Keybinds 0 Fullscreen 1 Font 24/Smallcaps Map View 50x44 Zoom Use 0% Tactical HUD 0 Map Filters NONE Filters NONE Steam 1 RUN: 7eca0071-ed9c-4f2e-8e6c-b062ce75d3e6